 Dungeon Crawl Stone Soup version 0.31-a0-810-ga77100ea1a (webtiles) character file.

Game seed: 14977990589256336729

116 Newt the Trooper (level 4, -2/37 HPs)
             Began as a Demonspawn Gladiator on Sept 21, 2023.
             Slain by a gnoll
             ... wielding a +0 spear
              (6 damage)
             ... on level 3 of the Dungeon.
             The game lasted 00:02:35 (1928 turns).

Newt the Trooper (Demonspawn Gladiator)             Turns: 1928, Time: 00:02:35

Health: -2/37      AC:  3    Str: 16    XL:     4   Next: 70%
Magic:  4/4        EV: 12    Int: 10    God:
Gold:   145        SH:  0    Dex: 14    Spells: 3/3 levels left

rFire   . . .        s - +1 mace (heavy)
rCold   . . .        (no shield)
rNeg    . . .        b - +0 leather armour
rPois   .            (helmet restricted)
rElec   .            (no cloak)
rCorr   .            (no gloves)
SInv    .            (no boots)
Will    .....        (no amulet)
Stlth   +            (no ring)
HPRegen 0.26/turn    (no ring)
MPRegen 0.09/turn

%: no passive effects
@: no status effects
A: claws 1, horns 1, ignite blood 1
a: no special abilities


You were on level 3 of the Dungeon.
You visited 1 branch of the dungeon, and saw 3 of its levels.

You collected 145 gold pieces.

Inventory:

Hand Weapons
 a - a +0 rapier
 s - a +1 heavy mace (weapon)
Missiles
 d - 2 throwing nets
 i - 8 poisoned darts
 l - 7 boomerangs (quivered)
Armour
 b - a +0 leather armour (worn)
 c - a +0 helmet
Jewellery
 m - a ring of positive energy
 p - a ring of ice
 u - a ring of wizardry
Scrolls
 n - 2 scrolls of revelation {unknown}
 q - a scroll of immolation
 t - a scroll of poison {unknown}
Potions
 f - a potion of mutation
 g - a potion of heal wounds {unknown}
 h - a potion of enlightenment {unknown}
 j - a potion of lignification {unknown}
 k - a potion of magic {unknown}
 o - 2 potions of curing {unknown}
 r - a potion of brilliance {unknown}


   Skills:
 - Level 4.0 Fighting
 - Level 2.7 Short Blades
 + Level 3.1 Throwing
 - Level 2.6 Dodging


You had 3 spell levels left.
You didn't know any spells.
Your spell library contained the following spells:

 Spells                   Type           Power      Damage    Failure   Level
 Slow                     Hex            0%         N/A       43%         1
 Confusing Touch          Hex            0%         N/A       80%         3
 Sigil of Binding         Hex            0%         N/A       80%         3
 Vampiric Draining        Necr           0%         2d6       80%         3


Dungeon Overview and Level Annotations

Branches:
Dungeon (3/15)

Altars:

Annotations:
D:3 2 transporters


Innate Abilities, Weirdness & Mutations

You have sharp fingernails.
You have a pair of small horns on your head.
Your demonic aura sometimes causes spilled blood to erupt in flames.


Message History

You kill the gnoll!
Unknown command.
Unknown command.
Throw: 8 boomerangs
Press: ? - help, Q - select action, (/) - cycle Shift-Dir - straight line, f - gnoll
Aim: a gnoll, wielding a +0 spear (63% to hit)
You throw a boomerang. The boomerang hits the gnoll.
The gnoll is lightly wounded.
The gnoll hits you from afar with a +0 spear.
* * * LOW HITPOINT WARNING * * *
Throw: 8 boomerangs
Press: ? - help, Q - select action, (/) - cycle Shift-Dir - straight line, f/p - gnoll
Aim: a gnoll, wielding a +0 spear (lightly wounded, 63% to hit)
You throw a boomerang.
The boomerang hits the gnoll and shatters for extra damage!
The gnoll is severely wounded.
The gnoll closely misses you.
The gnoll hits you from afar with a +0 spear.
* * * LOW HITPOINT WARNING * * *
Okay, then.
Throw: 3 throwing nets
Press: ? - help, Shift-Dir - straight line, f/p - gnoll
Aim: a gnoll, wielding a +0 spear (severely wounded, 63% to hit)
You throw a throwing net. The throwing net hits the gnoll.
The gnoll is caught in the net!
The gnoll is severely wounded.
Unknown command.
The gnoll struggles against the net.
Things that are here:
a +0 flail; a gnoll corpse You hit the gnoll but do no damage.
You headbutt the gnoll, but do no damage.
The gnoll is severely wounded.
The gnoll struggles against the net. x3
The net rips apart, and the gnoll comes free!
Unknown command.
You hit the gnoll but do no damage.
The gnoll is severely wounded.
The gnoll hits you with a +0 spear.
You die...

####
####...
.......
#...######
#(.gg@..#
#######.##
#...#
#...#
#...#
###.#
##+##
#######.#
##...##
#.......#
##.....##
#.#####.#


You could see 2 gnolls.

Vanquished Creatures
  A jelly (D:3)
  2 gnolls (D:3)
  A dart slug (D:1)
  7 ball pythons
  7 bats
  4 endoplasms
  3 giant cockroaches
  A hobgoblin (D:1)
  8 jackals
  8 kobolds
  A quokka (D:1)
  3 frilled lizards
  8 goblins
  4 rats
58 creatures vanquished.

Notes
Turn   | Place    | Note
-------+----------+-------------------------------------------
     0 | D:1      | Newt the Demonspawn Gladiator began the quest for the Orb.
     0 | D:1      | Reached XP level 1. HP: 16/16 MP: 1/1
   114 | D:1      | Discovered your monstrous ancestry.
   114 | D:1      | Gained mutation: You have a pair of small horns on your
                  | head. [demonic ancestry]
   114 | D:1      | Reached XP level 2. HP: 22/23 MP: 2/2
   233 | D:1      | Reached skill level 3 in Fighting
   762 | D:1      | Gained mutation: You have sharp fingernails. [demonic
                  | ancestry]
   762 | D:1      | Reached XP level 3. HP: 26/29 MP: 3/3
  1458 | D:3      | Reached skill level 4 in Fighting
  1483 | D:3      | Found a transporter.
  1489 | D:3      | Found a transporter.
  1647 | D:3      | Gained mutation: Your demonic aura sometimes causes spilled
                  | blood to erupt in flames. [demonic ancestry]
  1647 | D:3      | Reached XP level 4. HP: 29/37 MP: 4/4
  1677 | D:3      | Found a faded altar of an unknown god.
  1928 | D:3      | Slain by a gnoll

Illustrated notes

Levels and vault maps discovered:
D:1:      dpeg_arrival_rhombus, layout_loops_ring
D:2:      layout_loops_ring, grunt_ministairs_10
D:3:      gammafunk_wand_slinger, layout_loops_corners,
          hellmonk_ecumenical_altar_blasted, st_stairs_6

Skill      XL: |  1  2  3  4 |
---------------+-------------+-----
Fighting       | 3 4 |  4.0
Throwing       | 2 3 |  3.1
Short Blades   | |  2.7
Dodging        | |  2.6

Action                     |  1- 3 |  4- 6 || total
---------------------------+-------+-------++-------
  Melee: Rapier            |   139 |     3 ||   142
         Headbutt          |    16 |     2 ||    18
         Punch             |     1 |       ||     1
         Mace              |       |    10 ||    10
  Throw: Boomerang         |     4 |    19 ||    23
         Javelin           |       |     1 ||     1
         Throwing net      |       |     1 ||     1
    Use: Scroll            |     2 |       ||     2
   Stab: Sleeping          |     3 |       ||     3
 Armour: Leather armour    |    89 |    12 ||   101
  Dodge: Dodged            |    90 |    18 ||   108

Table legend: (Time is in decaauts)
 A = Elapsed time spent in this place.
 B = Non-inter-level travel time spent in this place.
 C = Inter-level travel time spent in this place.
 D = Time resting spent in this place.
 E = Time spent auto-exploring this place.
 F = Levels seen in this place.
 G = Mean time per level.
                   A        B        C        D        E       F      G
               +--------+--------+--------+--------+--------+-----+--------+
         Total |   1951 |   1941 |     10 |    140 |   1421 |   3 |  650.3 |
       Dungeon |   1951 |   1941 |     10 |    140 |   1421 |   3 |  650.3 |
               +--------+--------+--------+--------+--------+-----+--------+

Top non-repeatable levels by time:
     D:1: 832 daAuts
     D:2: 603 daAuts
     D:3: 514 daAuts
